 Dungeon Sprint DCSS version 0.26-a0-23-g3ae7099 (webtiles) character file.

Game seed: 2505493367366134743, levelgen mode: deterministic

7400000 thirtiethelement the Intangible (level 27, 0/249 HPs)
             Began as a Demonspawn Warper on May 26, 2020.
             Was the Champion of Makhleb.
             Slain by a meat berserker
             ... wielding a +9 battleaxe
              (71 damage)
             ... in the Dungeon (Sprint VIII: "Arena of Blood").
             The game lasted 00:12:27 (74 turns).

thirtiethelement the Intangible (Demonspawn Warper)   Turns: 74, Time: 00:12:27

Health: 0/249      AC: 10    Str: 15    XL:     27
Magic:  22/54      EV: 29    Int: 24    God:    Makhleb [******]
Gold:   0          SH:  0    Dex: 13    Spells: 80/80 levels left

rFire    + . .     SeeInvis .   b - +∞ Axe of Woe
rCold    + . .     Gourm    .   (shield currently unavailable)
rNeg     . . .     Faith    .   a - +0 leather armour
rPois    .         Spirit   .   (no helmet)
rElec    +         Reflect  .   (no cloak)
rCorr    .         Harm     .   (gloves unavailable)
MR       ++...     NoTele   +   (no boots)
Stlth    +++++++++.             (no amulet)
HPRegen  0.51/turn              k - ring of protection from fire
MPRegen  0.34/turn              (no ring)

@: no status effects
A: claws 3, thin metallic scales 3, cold resistance 1, demonic guardian 3, foul
stench 2, passive freeze, rot immunity, freezing cloud immunity
a: Minor Destruction, Lesser Servant of Makhleb, Major Destruction, Greater
Servant of Makhleb, Renounce Religion


You were in the Dungeon.
You worshipped Makhleb.
Makhleb was exalted by your worship.
You were not hungry.

You visited 1 branch

Inventory:

Hand Weapons
 b - the +∞ Axe of Woe (weapon)
   (You found it in the Dungeon)
Missiles
 d - 5 boomerangs of dispersal (quivered)
Armour
 a - a +0 leather armour (worn)
Jewellery
 k - a ring of protection from fire (left claw)
Scrolls
 c - 2 scrolls of blinking
Potions
 e - a potion of curing
 g - a potion of heal wounds
 h - a potion of haste
 i - 2 potions of magic
 j - a potion of berserk rage
Comestibles
 f - a ration


   Skills:
 O Level 27 Fighting
 O Level 27 Axes
 O Level 27 Throwing
 O Level 27 Armour
 O Level 27 Dodging
 O Level 27 Stealth
 O Level 27 Unarmed Combat
 O Level 27 Spellcasting
   Level 2.6 Translocations
 O Level 27 Invocations


You had 80 spell levels left.
You didn't know any spells.
Your spell library contained the following spells:

 Spells                   Type           Power        Failure   Level  Hunger
 Blink                    Tloc           N/A          1%          2    None
 Shroud of Golubria       Chrm/Tloc      #####.       1%          2    None
 Gell's Gravitas          Tloc           #####.....   1%          3    None
 Lesser Beckoning         Tloc           #####.....   1%          3    None
 Teleport Other           Tloc           #####...     1%          3    None
 Passage of Golubria      Tloc           N/A          3%          4    None


Dungeon Overview and Level Annotations

Branches:
Dungeon (1/1)

Altars:
Makhleb

Annotations:
D The Servant


Innate Abilities, Weirdness & Mutations

You have claws for hands.
You are completely covered in thin metallic scales. (AC +4, rElec)
Your flesh is cold resistant. (rC+)
A powerful demonic guardian rushes to your aid.
You frequently emit foul miasma when damaged in melee.
A frigid envelope surrounds you and freezes all who hurt you.
You are immune to rotting.
You are immune to freezing clouds.


Message History

You hear a shout! x3
A meat beast comes into view.
The bag of meat is engulfed in blazing flames.
The bag of meat seems less drained.
You hear a shout! x3
A meat berserker comes into view. It is wielding a +9 battleaxe.
You hear a shout!
The bag of meat is engulfed in blazing flames.
The Servant is engulfed in blazing flames.
The Servant hits you with a +9 glaive of flaming!!!!
The Servant burns you!!
The Servant is very cold.
The Servant is lightly wounded.
The meat berserker hits you with a +9 battleaxe!!!
* * * LOW HITPOINT WARNING * * *
The meat berserker is very cold.
The meat berserker is lightly wounded.
You emit a cloud of foul miasma!
You hear a shout! x3
The meat berserker hits you with a +9 battleaxe!!!
You die...

#............#....
#.........#.%....##
#....#......o..%...
#..2.##.......#%%..
#)).o.#....x#.%....
#o)§...###.o.%.%..%
#X)○..##X.X)#X))§..
#Xo@.#....X%))#☼§§.
#)@..#..)))O)o)Xx..
#.OOo.....X@XX)).##
#..x......ox%.%...%
#....o.....%%......
#.......%%#%.......
#........#%#.#.....
#........O#.#......
#..###...#.#.#%....
#.. #..M#.


You could see a meat beast (wandering, fast), The Servant, 2 large abominations,
3 meat berserkers, a small abomination and 5 bags of meat.

Vanquished Creatures
  A hell beast (D)
  A greater mummy (D)
  13 vampire knights (D)
  24 ogres (D)
  7 two-headed ogres (D)
  A lich (D)
  64 orcs (D)
  A phantom (D)
  4 skeletal warriors (D)
  3 large abominations (D)
  A small abomination (D)
  2 crawling corpses (D)
122 creatures vanquished.

Vanquished Creatures (others)
  4 crawling corpses (D)
4 creatures vanquished.

Grand Total: 126 creatures vanquished

Notes
Turn   | Place    | Note
-------+----------+-------------------------------------------
     0 | D        | Found the +∞ Axe of Woe
     0 | D        | thirtiethelement the Demonspawn Warper began the quest for
                  | the Orb.
     0 | D        | Reached XP level 1. HP: 16/16 MP: 3/3
     3 | D        | Noticed a bag of meat
     3 | D        | Noticed a meat berserker
     4 | D        | Became a worshipper of Makhleb the Destroyer
     5 | D        | Noticed a meat berserker
     5 | D        | Noticed a bag of meat
     6 | D        | Killed a meat berserker
     6 | D        | Reached skill level 15 in Fighting
     6 | D        | Reached skill level 5 in Axes
     6 | D        | Reached skill level 5 in Throwing
     6 | D        | Reached skill level 5 in Armour
     6 | D        | Gained mutation: A weak demonic guardian rushes to your
                  | aid. [demonic ancestry]
     6 | D        | Reached XP level 2. HP: 44/44 MP: 3/19
     6 | D        | Reached XP level 3. HP: 50/50 MP: 3/21
     6 | D        | Gained mutation: You are immune to rotting. [demonic
                  | ancestry]
     6 | D        | Reached XP level 4. HP: 57/57 MP: 3/22
     6 | D        | Gained mutation: You may emit foul miasma when damaged in
                  | melee. [demonic ancestry]
     6 | D        | Reached XP level 5. HP: 63/63 MP: 3/24
     6 | D        | Reached XP level 6. HP: 70/70 MP: 3/25
     6 | D        | Gained mutation: You have sharp fingernails. [demonic
                  | ancestry]
     6 | D        | Reached XP level 7. HP: 76/76 MP: 3/27
     6 | D        | Reached XP level 8. HP: 83/83 MP: 3/28
     6 | D        | Gained mutation: You are partially covered in thin metallic
                  | scales. (AC +2) [demonic ancestry]
     6 | D        | Reached XP level 9. HP: 90/90 MP: 3/29
     6 | D        | Reached XP level 10. HP: 97/97 MP: 3/30
     6 | D        | Reached XP level 11. HP: 103/103 MP: 3/31
     6 | D        | Gained mutation: You are mostly covered in thin metallic
                  | scales. (AC +3) [demonic ancestry]
     6 | D        | Reached XP level 12. HP: 110/110 MP: 3/32
     6 | D        | Gained mutation: You have very sharp fingernails. [demonic
                  | ancestry]
     6 | D        | Reached XP level 13. HP: 116/116 MP: 3/33
     6 | D        | Noticed a bag of meat
     6 | D        | Noticed a bag of meat
     6 | D        | Noticed a bag of meat
     7 | D        | Noticed a meat berserker
     7 | D        | Killed a bag of meat
     7 | D        | Reached * piety under Makhleb
     7 | D        | Noticed a meat berserker
     8 | D        | Killed a meat berserker
     8 | D        | Gained mutation: You are completely covered in thin
                  | metallic scales. (AC +4, rElec) [demonic ancestry]
     8 | D        | Reached XP level 14. HP: 123/123 MP: 3/34
     8 | D        | Noticed a bag of meat
     9 | D        | Killed a bag of meat
     9 | D        | Reached skill level 15 in Axes
     9 | D        | Reached XP level 15. HP: 129/129 MP: 4/35
     9 | D        | Reached ** piety under Makhleb
     9 | D        | Noticed a meat berserker
     9 | D        | Noticed a meat berserker
    10 | D        | Killed a meat berserker
    10 | D        | Reached skill level 27 in Dodging
    10 | D        | Reached XP level 16. HP: 136/136 MP: 4/36
    10 | D        | Killed a meat berserker
    10 | D        | Reached *** piety under Makhleb
    10 | D        | Reached skill level 27 in Axes
    10 | D        | Gained mutation: A demonic guardian rushes to your aid.
                  | [demonic ancestry]
    10 | D        | Reached XP level 17. HP: 142/142 MP: 4/37
    11 | D        | Noticed a meat berserker
    16 | D        | Noticed a meat berserker
    17 | D        | Noticed a large bag of meat
    19 | D        | Noticed a large bag of meat
    19 | D        | Killed a meat berserker
    19 | D        | Killed a meat berserker
    19 | D        | Reached XP level 18. HP: 150/150 MP: 6/38
    19 | D        | Reached **** piety under Makhleb
    19 | D        | Reached skill level 27 in Invocations
    19 | D        | Noticed a meat berserker
    20 | D        | Noticed a meat berserker
    20 | D        | Noticed a meat berserker
    20 | D        | Noticed a meat berserker
    20 | D        | Noticed a destroyer
    21 | D        | Noticed a destroyer
    21 | D        | Killed a meat berserker
    21 | D        | Reached skill level 27 in Stealth
    21 | D        | Reached skill level 15 in Unarmed Combat
    21 | D        | Gained mutation: You frequently emit foul miasma when
                  | damaged in melee. [demonic ancestry]
    21 | D        | Reached XP level 19. HP: 161/161 MP: 7/41
    21 | D        | Noticed a destroyer
    21 | D        | Noticed a meat berserker
    22 | D        | Noticed a large bag of meat
    22 | D        | Killed a large bag of meat
    22 | D        | Reached ***** piety under Makhleb
    22 | D        | Noticed a meat berserker
    23 | D        | Killed a large bag of meat
    23 | D        | Reached skill level 10 in Throwing
    23 | D        | Reached skill level 10 in Armour
    23 | D        | Reached XP level 20. HP: 149/187 MP: 7/47
    23 | D        | Noticed a large bag of meat
    23 | D        | Noticed a meat berserker
    24 | D        | Killed a meat berserker
    24 | D        | Noticed a destroyer
    25 | D        | Noticed a destroyer
    25 | D        | Noticed a large bag of meat
    25 | D        | Noticed a meat berserker
    26 | D        | Killed a destroyer
    26 | D        | Reached skill level 27 in Fighting
    26 | D        | Reached skill level 27 in Unarmed Combat
    26 | D        | Reached skill level 27 in Spellcasting
    26 | D        | Reached XP level 21. HP: 192/204 MP: 8/52
    26 | D        | Reached ****** piety under Makhleb
    26 | D        | Gained mutation: A powerful demonic guardian rushes to your
                  | aid. [demonic ancestry]
    26 | D        | Reached XP level 22. HP: 212/212 MP: 8/53
    26 | D        | Noticed a large bag of meat
    27 | D        | Noticed a large bag of meat
    28 | D        | Noticed a destroyer
    28 | D        | Reached skill level 27 in Throwing
    28 | D        | Reached skill level 27 in Armour
    28 | D        | Killed a destroyer
    28 | D        | Killed a large bag of meat
    28 | D        | Gained mutation: You have claws for hands. [demonic
                  | ancestry]
    28 | D        | Reached XP level 23. HP: 219/219 MP: 8/54
    29 | D        | Killed a destroyer
    30 | D        | Gained mutation: Your flesh is cold resistant. (rC+)
                  | [demonic ancestry]
    30 | D        | Reached XP level 24. HP: 227/227 MP: 9/54
    31 | D        | Killed a destroyer
    32 | D        | Gained mutation: You are immune to freezing clouds.
                  | [demonic ancestry]
    32 | D        | Reached XP level 25. HP: 234/234 MP: 9/54
    32 | D        | Killed a destroyer
    33 | D        | Noticed a destroyer
    34 | D        | Gained mutation: A frigid envelope surrounds you and
                  | freezes all who hurt you. [demonic ancestry]
    34 | D        | Reached XP level 26. HP: 242/242 MP: 10/54
    35 | D        | Reached XP level 27. HP: 249/249 MP: 10/54
    36 | D        | Killed a large bag of meat
    36 | D        | Killed a large bag of meat
    36 | D        | Noticed The Servant
    36 | D        | Noticed a destroyer
    37 | D        | Killed a large bag of meat
    37 | D        | Noticed a destroyer
    38 | D        | Noticed a destroyer
    38 | D        | Noticed a destroyer
    40 | D        | Killed a destroyer
    42 | D        | HP: 8/249 [bag of meat/+9 war axe (29)]
    43 | D        | Killed a destroyer
    43 | D        | Noticed a destroyer
    44 | D        | Killed a destroyer
    47 | D        | Killed a destroyer
    47 | D        | Killed a destroyer
    50 | D        | Noticed an accursed
    51 | D        | Noticed an accursed
    53 | D        | Noticed a tyrant
    58 | D        | Killed a destroyer
    59 | D        | Killed a tyrant
    63 | D        | Noticed a destroyer
    64 | D        | Killed a destroyer
    65 | D        | Killed a large bag of meat
    66 | D        | Noticed a meat beast
    69 | D        | Killed a meat beast
    69 | D        | Killed a destroyer
    73 | D        | Killed an accursed
    73 | D        | Noticed a meat beast
    74 | D        | Noticed a meat beast
    74 | D        | Slain by a meat berserker

Illustrated notes

Levels and vault maps discovered:
D:        meatsprint

Skill      XL: |  1  2  3  4  5  6  7  8  9 10 11 12 13 14 15 16 17 18 19 20 21 22 |
---------------+-------------------------------------------------------------------+-----
Fighting       | 15 17 23 27 | 27.0
Axes           | 5 13 15 21 27 | 27.0
Throwing       | 5 6 10 14 22 27 | 27.0
Armour         | 5 6 10 14 24 27 | 27.0
Dodging        | 14 23 24 27 | 27.0
Unarmed Combat | 14 16 21 27 | 27.0
Spellcasting   | 16 18 23 27 | 27.0
Stealth        | 20 27 | 27.0
Invocations    | 25 27 | 27.0
Translocations | |  2.6

Action                   |  1- 3 |  4- 6 |  7- 9 | 10-12 | 13-15 | 16-18 | 19-21 | 22-24 | 25-27 || total
-------------------------+-------+-------+-------+-------+-------+-------+-------+-------+-------++-------
Melee: Executioner's axe |     1 |       |       |       |     4 |     2 |     5 |     5 |    21 ||    38
Armor: Leather armour    |       |       |       |       |       |       |       |       |     2 ||     2
Dodge: Dodged            |       |       |       |       |     1 |     3 |       |       |     8 ||    12

Table legend:
 A = Non-vault XP
 B = Vault XP
 C = Vault XP percentage of total XP
 D = Non-vault monster count
 E = Vault monster count
 F = Vault count percentage of total count
                 A         B        C        D         E       F
            +---------+---------+-------+---------+---------+-------
      Total | 1867697 | 1494724 |  44.5 |      54 |      66 |  55.0
            +---------+---------+-------+---------+---------+-------
          D | 1867697 | 1494724 |  44.5 |      54 |      66 |  55.0
            +---------+---------+-------+---------+---------+-------
